 Dungeon Sprint DCSS version 0.19.1-1-g22dce08 (webtiles) character file.

5738 Slime the Eclecticist (level 10, -3/45 HPs)
             Began as a Deep Elf Fire Elementalist on Jan 2, 2017.
             Was a High Priest of Sif Muna.
             Slain by a demonic crawler (8 damage)
             ... while paralysed
             ... in the Dungeon (Sprint I: "Red Sonja").
             The game lasted 00:13:14 (1598 turns).

Slime the Eclecticist (Deep Elf Fire Elementalist)  Turns: 1598, Time: 00:13:15

Health: -3/45      AC:  3    Str: -1 (3)  XL:     10   Next: 49%
Magic:  27/33      EV:  2    Int: 19 (20) God:    Sif Muna [*****.]
Gold:   810        SH:  0    Dex: 11      Spells: 8 memorised, 16 levels left

rFire  + + .     SeeInvis .     e - staff of fire
rCold  . . .     Gourm    .     a - +0 robe
rNeg   . . .     Faith    .     (no shield)
rPois  .         Spirit   .     (no helmet)
rElec  .         Reflect  .     (no cloak)
rCorr  .         Harm     .     (no gloves)
MR     +....     NoTele   +     (no boots)
Stlth  ++........               (no amulet)
                                o - ring of protection from fire
                                k - +2 ring of protection

@: paralysed, slowed, lost strength
A: blurry vision 3, clumsy 2, deformed body, deterioration 2, dopey 2, frail 1,
screaming 1, weak 1, no device heal 1, subdued magic 1, sturdy frame 1
a: Divine Energy, Channel Magic, Forget Spell, Renounce Religion


You were in the Dungeon.
You worshipped Sif Muna.
Sif Muna was extremely pleased with you.
You were not hungry.

You visited 1 branch You collected 810 gold pieces.

Inventory:

Armour
 a - a +0 robe (worn)
Magical Staves
 e - an uncursed staff of fire (weapon)
Jewellery
 k - a +2 ring of protection (left hand)
 o - a ring of protection from fire (right hand)
Scrolls
 c - 2 scrolls of amnesia {unknown}
 i - a scroll of blinking
 j - a scroll of enchant armour {unknown}
 n - a scroll of remove curse {unknown}
Potions
 d - 3 potions of curing
 g - a potion of magic
 h - a potion of berserk rage
Books
 b - a book of Flames

   Spells                             Type                      Level
   a - Flame Tongue                   Conjuration/Fire             1
   b - Throw Flame                    Conjuration/Fire             2
   c - Conjure Flame                  Conjuration/Fire             3
   d - Inner Flame                    Hexes/Fire                   3
   e - Sticky Flame                   Conjuration/Fire             4
   f - Fireball                       Conjuration/Fire             5
 f - a book of Conjurations

   Spells                             Type                      Level
   a - Magic Dart                     Conjuration                  1
   b - Searing Ray                    Conjuration                  2
   c - Dazzling Spray                 Conjuration/Hexes            3
   d - Fulminant Prism                Conjuration/Hexes            4
   e - Iskenderun's Mystic Blast      Conjuration                  4
   f - Iskenderun's Battlesphere      Conjuration/Charms           5
 l - Lom Lobon's Reference Book on Combat Magic
   (Sif Muna gifted it to you in the Dungeon)

   Spells                             Type                      Level
   a - Throw Flame                    Conjuration/Fire             2
   b - Venom Bolt                     Conjuration/Poison           5
   c - Bolt of Fire                   Conjuration/Fire             6
   d - Glaciate                       Conjuration/Ice              9
 m - Sif Muna's Almanac of Frigorific Bewitchment
   (Sif Muna gifted it to you in the Dungeon)

   Spells                             Type                      Level
   a - Freeze                         Ice                          1
   b - Throw Frost                    Conjuration/Ice              2
   c - Confuse                        Hexes                        3
   d - Fulminant Prism                Conjuration/Hexes            4
   e - Cause Fear                     Hexes                        4
   f - Ice Form                       Ice/Transmutation            4
   g - Bolt of Cold                   Conjuration/Ice              6
 p - Sif Muna's Handbook of Destructive Venom
   (Sif Muna gifted it to you in the Dungeon)

   Spells                             Type                      Level
   a - Mephitic Cloud                 Conjuration/Poison/Air       3
   b - Spider Form                    Transmutation/Poison         3
   c - Throw Icicle                   Conjuration/Ice              4
   d - Fulminant Prism                Conjuration/Hexes            4
   e - Iron Shot                      Conjuration/Earth            6


   Skills:
 - Level 2.4 Dodging
 - Level 2.4 Stealth
 - Level 17.7 Spellcasting
 + Level 16.7 Conjurations
 - Level 1.3 Charms
 - Level 10.4 Fire Magic
 - Level 10.2 Invocations


You had 16 spell levels left.
You knew the following spells:

 Your Spells              Type           Power        Failure   Level  Hunger
a - Flame Tongue          Conj/Fire      #####        0%          1    None
b - Sticky Flame          Conj/Fire      ######..     1%          4    None
c - Conjure Flame         Conj/Fire      ######..     1%          3    None
d - Throw Flame           Conj/Fire      ######       0%          2    None
e - Iskenderun's Mystic   Conj           ######..     1%          4    None
f - Iskenderun's Battles  Conj/Chrm      #####...     1%          5    ###....
g - Bolt of Fire          Conj/Fire      ######....   1%          6    #####..
h - Mephitic Cloud        Conj/Pois/Air  ####....     1%          3    None


Dungeon Overview and Level Annotations

Branches:
Dungeon (1/1)

Altars:
Cheibriados
Dithmenos
Elyvilon
Fedhas
Gozag
Hepliaklqana
Kikubaaqudgha
Makhleb
Nemelex Xobeh
Okawaru
Qazlal
Ru
Sif Muna
Trog
Uskayaw
Vehumet
Xom
Yredelemnul
Zin
The Shining One
Jiyva
Lugonu

Shops:
D (([*!?[


Innate Abilities, Weirdness & Mutations

Scrolls take you much longer to read.
You are very clumsy. (Dex -4)
Armour fits poorly on your strangely shaped body.
Your body often deteriorates upon taking damage.
You are very dopey. (Int -4)
You are frail. (-10% HP)
You occasionally shout uncontrollably at your foes.
You are weak. (Str -2)
Potions and wands are less effective at restoring your health.
Your spells are a little easier to cast, but a little less powerful.
Your movements are slightly less encumbered by armour. (ER -2)


Message History

The sticky flame hits the demonic crawler.
The demonic crawler resists.
The demonic crawler is lightly wounded.
The demonic crawler is covered in liquid flames!
The demonic crawler burns!
The demonic crawler hits you! The demonic crawler hits you.
Your body deteriorates!
You feel weakened. The demonic crawler hits you!
The demonic crawler burns!
The demonic crawler hits you!
Your body deteriorates!
You feel weakened. The demonic crawler hits you.
* * * LOW HITPOINT WARNING * * *
Your body deteriorates!
You feel weakened.
You have lost your strength.
The demonic crawler hits you but does no damage.
The demonic crawler burns!
The demonic crawler hits you.
* * * LOW HITPOINT WARNING * * *
Your body deteriorates!
You feel weakened.
The demonic crawler hits you but does no damage. x3
The demonic crawler hits you!
You die...

###################
..#).'..#__#..)...#
..'..#..'..'..#..s##+#
#'#####'#__####.@sss.#
..#...#.####§(#####..+
###..##.#≈ §§c ##
__##'#..+≈§≈.
...').._#§§§
__##_.#+##+### __###'#
#[)(.###
#####.####'###[##
...'...'.....'.∩#


You could see 4 demonic crawlers.

Vanquished Creatures
  Sonja (D)
  A deep troll (D)
  8 shining eyes (D)
  2 kobold demonologists (D)
  A slime creature (D)
  Sigmund (D)
  A yak (D)
  5 floating eyes (D)
  An ogre (D)
  A jelly (D)
  Ijyb (D)
  5 ballistomycetes (D)
28 creatures vanquished.

Vanquished Creatures (others)
  A gargoyle (D)
  2 ballistomycete spores (D)
3 creatures vanquished.

Grand Total: 31 creatures vanquished

Notes
Turn   | Place    | Note
-------+----------+-------------------------------------------
     0 | D        | Slime the Deep Elf Fire Elementalist began the quest for the Orb.
     0 | D        | Reached XP level 1. HP: 10/10 MP: 6/6
     2 | D        | Noticed Ijyb
    11 | D        | Killed Ijyb
    11 | D        | Reached XP level 2. HP: 12/15 MP: 5/8
    42 | D        | Noticed an ogre
    45 | D        | Killed an ogre
    45 | D        | Reached skill level 10 in Fire Magic
    45 | D        | Reached XP level 3. HP: 17/19 MP: 5/9
    45 | D        | Reached XP level 4. HP: 22/24 MP: 5/10
   112 | D        | Learned a level 4 spell: Sticky Flame
   116 | D        | Learned a level 3 spell: Conjure Flame
   128 | D        | Noticed Sigmund
   135 | D        | Killed Sigmund
   135 | D        | Reached XP level 5. HP: 28/28 MP: 0/11
   244 | D        | Learned a level 2 spell: Throw Flame
   255 | D        | Found a deep blue altar of Sif Muna.
   257 | D        | Found a radiant altar of Vehumet.
   261 | D        | Reached skill level 5 in Spellcasting
   261 | D        | Reached XP level 6. HP: 22/32 MP: 9/15
   267 | D        | Learned a level 4 spell: Iskenderun's Mystic Blast
   269 | D        | Became a worshipper of Sif Muna the Loreminder
   294 | D        | Found Ifucryge's General Store.
   294 | D        | Found an ancient bone altar of Kikubaaqudgha.
   294 | D        | Found a hazy altar of Hepliaklqana.
   294 | D        | Found a stormy altar of Qazlal.
   294 | D        | Found a hide-covered altar of Uskayaw.
   294 | D        | Found a blossoming altar of Fedhas.
   294 | D        | Found a bloodstained altar of Trog.
   294 | D        | Found an iron altar of Okawaru.
   294 | D        | Found a basalt altar of Yredelemnul.
   294 | D        | Found a glowing golden altar of the Shining One.
   294 | D        | Found a snail-covered altar of Cheibriados.
   294 | D        | Found a sacrificial altar of Ru.
   294 | D        | Found a glowing silver altar of Zin.
   294 | D        | Found a shadowy altar of Dithmenos.
   294 | D        | Found a white marble altar of Elyvilon.
   294 | D        | Noticed a yak
   300 | D        | Killed a yak
   300 | D        | Reached * piety under Sif Muna
   300 | D        | Reached skill level 10 in Spellcasting
   304 | D        | Found an opulent altar of Gozag.
   305 | D        | Found a sparkling altar of Nemelex Xobeh.
   363 | D        | Killed a gargoyle
   404 | D        | Noticed Sonja
   407 | D        | Killed Sonja
   407 | D        | Reached ** piety under Sif Muna
   407 | D        | Reached *** piety under Sif Muna
   407 | D        | Reached XP level 7. HP: 30/36 MP: 14/22
   494 | D        | Noticed a deep troll
   511 | D        | Killed a deep troll
   511 | D        | Reached **** piety under Sif Muna
   511 | D        | Reached skill level 15 in Conjurations
   511 | D        | Reached XP level 8. HP: 14/41 MP: 2/24
   716 | D        | Noticed a centaur warrior
   729 | D        | Found Fiagulur's Weapon Boutique.
   749 | D        | Learned a level 5 spell: Iskenderun's Battlesphere
   749 | D        | Noticed a shining eye
   749 | D        | Noticed a shining eye
   749 | D        | Noticed a shining eye
   754 | D        | Noticed a shining eye
   755 | D        | Gained mutation: Your flesh is cold resistant. (rC+) [a shining eye]
   756 | D        | Gained mutation: Your movements are slightly less encumbered by armour. (ER -2) [a shining eye]
   757 | D        | Paralysed by a floating eye for 3 turns
   762 | D        | Paralysed by a floating eye for 3 turns
   765 | D        | Killed a shining eye
   765 | D        | Reached ***** piety under Sif Muna
   765 | D        | Identified Sif Muna's Almanac of Frigorific Bewitchment (Sif Muna gifted it to you in the Dungeon)
   765 | D        | Received a gift from Sif Muna
   765 | D        | Reached skill level 13 in Spellcasting
   765 | D        | Reached XP level 9. HP: 45/45 MP: 4/28
   767 | D        | Paralysed by a floating eye for 4 turns
   769 | D        | Gained mutation: Scrolls take you a little longer to read. [a shining eye]
   771 | D        | Gained mutation: Scrolls take you longer to read. [a shining eye]
   772 | D        | Killed a shining eye
   772 | D        | Reached skill level 15 in Spellcasting
   772 | D        | Reached skill level 1 in Charms
   775 | D        | Gained mutation: You are clumsy. (Dex -2) [a shining eye]
   778 | D        | Gained mutation: You are weak. (Str -2) [a shining eye]
   791 | D        | Lost mutation: Your flesh is cold resistant. (rC+) [a shining eye]
   792 | D        | Gained mutation: You are very weak. (Str -4) [a shining eye]
   797 | D        | Gained mutation: You are dopey. (Int -2) [a shining eye]
   799 | D        | Killed a shining eye
   799 | D        | Identified Lom Lobon's Reference Book on Combat Magic (Sif Muna gifted it to you in the Dungeon)
   799 | D        | Received a gift from Sif Muna
   799 | D        | Reached skill level 16 in Spellcasting
   808 | D        | Learned a level 6 spell: Bolt of Fire
   919 | D        | Noticed a shining eye
   919 | D        | Noticed a shining eye
   920 | D        | Gained mutation: Potions and wands are less effective at restoring your health. [a shining eye]
   921 | D        | Gained mutation: Armour fits poorly on your strangely shaped body. [a shining eye]
   924 | D        | Killed a shining eye
   924 | D        | Reached skill level 17 in Spellcasting
   924 | D        | Paralysed by a floating eye for 2 turns
   924 | D        | Gained mutation: Your body sometimes deteriorates upon taking damage. [a shining eye]
   925 | D        | Noticed a shining eye
   925 | D        | Lost mutation: You are very weak. (Str -4) [a shining eye]
   930 | D        | Paralysed by a floating eye for 4 turns
   934 | D        | Gained mutation: Your body often deteriorates upon taking damage. [a shining eye]
   935 | D        | Gained mutation: You are very clumsy. (Dex -4) [a shining eye]
   943 | D        | Gained mutation: You are very dopey. (Int -4) [a shining eye]
   951 | D        | Gained mutation: You are frail. (-10% HP) [a shining eye]
   955 | D        | Gained mutation: Your spells are a little easier to cast, but a little less powerful. [a shining eye]
   956 | D        | Killed a shining eye
   956 | D        | Reached skill level 5 in Invocations
   959 | D        | Killed a shining eye
   959 | D        | Reached XP level 10. HP: 45/45 MP: 29/33
   968 | D        | Killed a shining eye
  1023 | D        | Noticed a shining eye
  1031 | D        | Gained mutation: Scrolls take you much longer to read. [a shining eye]
  1033 | D        | Gained mutation: You occasionally shout uncontrollably at your foes. [a shining eye]
  1035 | D        | Killed a shining eye
  1035 | D        | Reached skill level 10 in Invocations
  1065 | D        | Found Himoic's Antique Weapon Shoppe.
  1065 | D        | Found Wekhlol's Distillery.
  1065 | D        | Found Ufauhog's Armour Emporium.
  1065 | D        | Found Kahonixe's Magic Scroll Boutique.
  1263 | D        | Found Xaheulu's Armour Emporium.
  1294 | D        | Found a burning altar of Makhleb.
  1294 | D        | Found a viscous altar of Jiyva.
  1294 | D        | Found a shimmering altar of Xom.
  1294 | D        | Found a corrupted altar of Lugonu.
  1510 | D        | Identified Sif Muna's Handbook of Destructive Venom (Sif Muna gifted it to you in the Dungeon)
  1510 | D        | Received a gift from Sif Muna
  1589 | D        | Learned a level 3 spell: Mephitic Cloud
  1597 | D        | Lost strength.
  1598 | D        | Slain by a demonic crawler

Skill      XL: |  1  2  3  4  5  6  7  8  9 10 |
---------------+-------------------------------+-----
Fire Magic     | 7 10 | 10.4
Conjurations   | 9 13 15 16 | 16.7
Spellcasting   | 5 10 13 17 | 17.7
Charms         | 1 |  1.3
Invocations    | 7 10 | 10.2
Dodging        | |  2.4
Stealth        | |  2.4

Action                   |  1- 3 |  4- 6 |  7- 9 | 10-12 || total
-------------------------+-------+-------+-------+-------++-------
Melee: Unarmed           |       |       |       |     1 ||     1
 Cast: Flame Tongue      |     8 |    12 |    49 |    43 ||   112
       Conjure Flame     |       |     2 |     2 |     1 ||     5
       Sticky Flame      |       |     2 |       |     3 ||     5
       Throw Flame       |       |     1 |     1 |       ||     2
       Iskenderun's Batt |       |       |     2 |     2 ||     4
       Iskenderun's Myst |       |       |     2 |     3 ||     5
       Bolt of Fire      |       |       |     2 |       ||     2
Invok: Channel Magic     |       |       |     3 |       ||     3
  Use: Potion            |     2 |       |       |     1 ||     3
  Eat: Bread ration      |       |       |     1 |       ||     1
Armor: Robe              |     2 |       |     1 |     4 ||     7
Dodge: Dodged            |     3 |     8 |     5 |     4 ||    20
